Workbook

Sheet PostTransSettings
A1: Demo 1 | B1: 1 | C1: Txt: CompanyName
B4: 1 | C4: Txt: Stock Import:Default Location
A6: X | B6: 1 | C6: Txt: FirstTime
A12: 10000 | B12: 2 | C12: Num: Max Transaction rows
A13: C:\A_Sage_Attachments\DEMO01 | B13: 1 | C13: Txt: CompanyPATH
A14: DEMO01 | B14: 1 | C14: Txt: CompanyCode
A15: TRUE | B15: 3 | C15: Chk: Write Company name into CuDelName/SuDelName
B17: 1 | C17: Txt: Email-Always CC
A18: Your Order REF | B18: 1 | C18: Txt: Email-Subject
A19: Please find attached your sales order REF | B19: 1 | C19: Txt: Email-Body
B20: 1 | C20: Txt: Default Printer
A23: TRUE | B23: 3 | C23: Chk: Write Company name into CuName/SuName
A24: TRUE | B24: 3 | C24: Chk: Write Company name into THDelName
A26: 30 | B26: 2 | C26: Num: Data starts at row
A32: TRUE | B32: 3 | C32: Chk: Discount:Auto Create Discount Name
A33: TRUE | B33: 3 | C33: Chk: Discount:Update Name on Discount change
A34: TRUE | B34: 3 | C34: Chk: Discount:Include Currency Code
A35: GBP | B35: 1 | C35: Txt: Discount:Ignore CurrencyChars
A36: TRUE | B36: 3 | C36: Chk: Discount:Include UOM
A37: Each | B37: 1 | C37: Txt: Discount:Ignore UOM Chars
B38: 1 | C38: Txt: Printing:Sales Quote Layout
B39: 1 | C39: Txt: Printing:Sales Order Layout
B40: 1 | C40: Txt: Printing:Sales Invoice Layout
B41: 1 | C41: Txt: Printing:Purchase Order Layout
A42: TRUE | B42: 3 | C42: Chk: Discount:Include Discount Summary
A43: CO, Component | B43: 1 | C43: Txt: BOM:Default BOM component type
A44: TRUE | B44: 3 | C44: Chk: BOM:Update on code change
A45: OP,Operation | B45: 1 | C45: Txt: BOM:Default BOM component type with .
A46: SB,Subassembly | B46: 1 | C46: Txt: BOM:Default BOM component type with ,
A47: CS,CompCommentShow | B47: 1 | C47: Txt: BOM:Default BOM component type with [
A48: FALSE | B48: 3 | C48: Chk: BOM:Use Sheet Component/Operations Descriptions
B49: 1 | C49: Txt: Stock Import:Default Manufacturing Warehouse
A50: FALSE | B50: 3 | C50: Chk: Don't Delete Row after delete record
A51: CC,CompComment | B51: 1 | C51: Txt: BOM:Default BOM component type with ;
A52: OC,OpComment | B52: 1 | C52: Txt: BOM:Default BOM component type with ]
A53: OS,OpCommentShow | B53: 1 | C53: Txt: BOM:Default BOM component type with #
B54: 1 | C54: Txt: Stock Take/Bins Import:Default WOcategory

Sheet INPUT
H1: Online Help
A2: Customer:
C3: Customer: | D3: ABB001 | F3: Posted: | G3: ='Project Structure'!A5 -> 0
C4: Project Name: | D4: My Bespoke Kitchen | F4: JobNo: | G4: ='Project Structure'!E5 -> x
C5: Price Quoted: | D5: 3500
C6: Region: | D6: North
A8: Budgets:
B9: Hours
C10: Consultation with Customer regarding new kitchen.
B11: 5 | D11: Kitchen Measurements
B12: 4 | D12: Ktchen Design
C13: Phase 1 Prep
B14: 6 | D14: Project Management - On Site & Off Site
B15: 3 | D15: Kitchen Removal
B16: 4 | D16: On Site Surveyor site visit
C17: Phase 2 Delivery
B18: 7 | D18: Electrical Work
B19: 4 | D19: Kitchen Fitting
B20: 3 | D20: Plastering service for Kitchen
B21: 7 | D21: Kitchen Sale
A22: Revenue:
B23: 75 | C23: Quoted Hourly Rate
D24: Total | E24: ='Project Structure'!U17*'Project Structure'!V17 -> 2700
A25: Other Info:
C26: Days Taken: | D26: 2
C27: Designer: | D27: KIT002
C28: Surveyor: | D28: MOL001
C29: Percent Complete: | D29: 20

Sheet Project Structure
A1: Sage200proj | B1: PjCRC | C1: PjSearch^ | D1: PjID | E1: PjCode | F1: PjL1^ | G1: PjL2^ | H1: PjL3^ | I1: PjL4^ | J1: PjL5^ | K1: PjL6^ | L1: PjL7^ | M1: PjL8^ | N1: PjL9^ | O1: PjL10^ | P1: PjTitle | Q1: PjCust^ | R1: PjQoPrice | S1: PjPercent | U1: PjRevQty | V1: PjRevVal | W1: PjCostQty | X1: PjIgnore | Y1: PjAddL1 | Z1: PjAddV1^ | AA1: PjAddL2 | AB1: PjAddV2^ | AC1: PjAddL3 | AD1: PjAddV3^ | AE1: PjAddL4 | AF1: PjAddV4^ | AG1: PjAddL5 | AH1: PjAddV5^ | AI1: PjAddL6 | AJ1: PjAddV6^
A2: Filter Row:.
A3: Related Row:
A4: Help | B4: CRC | C4: Search | E4: Job | F4: L1 | G4: L2 | H4: L3 | I4: L4 | J4: L5 | K4: L6 | L4: L7 | M4: L8 | N4: L9 | O4: L10 | P4: Title | Q4: Cust | R4: Quote Price | S4: Percent | U4: RevQty | V4: RevVal | W4: CostQty | X4: Ignore Y/N | Y4: AddL1 | Z4: AddV1 | AA4: AddL2 | AB4: AddV2 | AC4: AddL3 | AD4: AddV3 | AE4: AddL4 | AF4: AddV4 | AG4: AddL5 | AH4: AddV5 | AI4: AddL6 | AJ4: AddV6
B5: _0146344 | D5: P0_1645992 | E5: x | P5: =INPUT!D4 -> My Bespoke Kitchen | Q5: =INPUT!D3 -> ABB001 | R5: =INPUT!D5 -> 3500 | S5: =INPUT!D29 -> 20 | Y5: Days Taken*: | Z5: =INPUT!D26 -> 2 | AA5: Region^*: | AB5: =INPUT!D6 -> North
B6: _0113638 | D6: G1645992_1646015 | F6: .Consult | P6: Consultation with Customer regarding new kitchen. | Y6: Days Taken*: | Z6: 14 | AA6: Critical deadline date^:
B7: _0111439 | D7: I1646015_1646023 | G7: Measurements | P7: Kitchen Measurements | W7: =INPUT!B11 -> 5 | X7: =IF(W7=0,"YES","")
B8: _0165344 | D8: I1646015_1646035 | G8: Design | P8: Ktchen Design | W8: =INPUT!B12 -> 4 | X8: =IF(W8=0,"YES","") | Y8: Designer^: | Z8: =INPUT!D27 -> KIT002
B9: _0116013 | D9: G1645992_1646042 | F9: .Phase 1 | P9: Phase 1 Prep | Y9: Days Taken*: | Z9: 0
B10: _0130929 | D10: I1646042_1646050 | G10: Project Management | P10: Project Management - On Site & Off Site | W10: =INPUT!B14 -> 6 | X10: =IF(W10=0,"YES","")
B11: _0130331 | D11: I1646042_1646062 | G11: Removal | P11: Kitchen Removal | W11: =INPUT!B15 -> 3 | X11: =IF(W11=0,"YES","")
B12: _0126171 | D12: I1646042_1646074 | G12: Surveyor | P12: On Site Surveyor site visit | W12: =INPUT!B16 -> 4 | X12: =IF(W12=0,"YES","") | Y12: Designer^: | Z12: =INPUT!D28 -> MOL001
B13: _0144651 | D13: G1645992_1646080 | F13: .Phase 2 | P13: Phase 2 Delivery | Y13: Days Taken*: | Z13: 0
B14: _0138705 | D14: I1646080_1646088 | G14: Electrical | P14: Electrical Work | W14: =INPUT!B18 -> 7 | X14: =IF(W14=0,"YES","")
B15: _0140820 | D15: I1646080_1646100 | G15: Fitting | P15: Kitchen Fitting | W15: =INPUT!B19 -> 4 | X15: =IF(W15=0,"YES","")
B16: _013314 | D16: I1646080_1646112 | G16: Plaster | P16: Plastering service for Kitchen | W16: =INPUT!B20 -> 3 | X16: =IF(W16=0,"YES","")
B17: _0152115 | D17: I1645992_1646124 | F17: Kitchen Sale | P17: Kitchen Sale | U17: =SUM(W6:W17) -> 36 | V17: =INPUT!B23 -> 75
